 Dungeon Crawl Stone Soup version 0.26.0-10-g1f06aea511 (console) character file.

Game seed: 7457095997236947442

703 Goblin1989 the Slasher (level 7, -2/44 HPs)
             Began as a Tengu Fighter on Feb 2, 2021.
             Was a Follower of Okawaru.
             Slain by an ogre
             ... wielding a +0 giant spiked club
              (21 damage)
             ... on level 4 of the Dungeon.
             The game lasted 00:06:16 (3195 turns).

Goblin1989 the Slasher (Tengu Fighter)              Turns: 3195, Time: 00:06:17

Health: -2/44      AC:  7    Str: 18    XL:     7   Next: 66%
Magic:  8/8        EV:  8    Int:  8    God:    Okawaru [*.....]
Gold:   115        SH: 10    Dex: 14    Spells: 6/6 levels left

rFire    . . .     SeeInvis .   a - +0 long sword
rCold    . . .     Faith    .   c - +0 kite shield
rNeg     . . .     Spirit   .   b - +0 scale mail
rPois    .         Reflect  .   (helmet restricted)
rElec    .         Harm     .   (no cloak)
rCorr    .         Rampage  .   (no gloves)
Will     .....                  (boots unavailable)
Stlth    ..........             r - amulet of regeneration
HPRegen  0.54/turn              (no ring)
MPRegen  0.11/turn              (no ring)

@: flying quickly and evasively, quick
A: beak, talons 3, able to fly
a: Stop Flying, Renounce Religion, Heroism


You were on level 4 of the Dungeon.
You worshipped Okawaru.
Okawaru was aware of your devotion.
You visited 1 branch of the dungeon, and saw 4 of its levels.

You collected 205 gold pieces.
You spent 90 gold pieces at shops.

Inventory:

Hand Weapons
 a - a +0 long sword (weapon)
 t - a +0 hunting sling
Missiles
 s - 110 sling bullets
 u - 234 stones (quivered) {@Q3}
 v - 8 curare-tipped darts
Armour
 b - a +0 scale mail (worn)
 c - a +0 kite shield (worn)
 D - a +1 hat
Jewellery
 r - an amulet of regeneration (around neck)
Wands
 x - a wand of flame (23) {@v6}
 y - a wand of polymorph (7)
 z - a wand of iceblast (12) {@v4}
Scrolls
 f - a scroll of blinking {unknown}
 j - 9 scrolls of identify {unknown}
 m - 3 scrolls of amnesia {unknown}
 o - 6 scrolls of teleportation {unknown}
 p - 2 scrolls of enchant armour {unknown}
 q - a scroll of fear {unknown}
Potions
 d - a potion of might {@q4}
 e - a potion of brilliance {unknown}
 g - a potion of resistance {unknown}
 h - 2 potions of invisibility
 i - 3 potions of ambrosia {unknown}
 k - 3 potions of heal wounds {unknown}
 l - 2 potions of degeneration {unknown}
 n - 4 potions of curing {@q1}
 w - a potion of mutation {unknown}
 A - a potion of attraction {unknown}
 B - a potion of magic {unknown}
 C - 2 potions of cancellation {unknown}


   Skills:
 + Level 4.6 Fighting
 * Level 6.0 Long Blades
 + Level 5.1 Armour
 + Level 4.6 Shields
 + Level 0.1 Invocations


You had 6 spell levels left.
You didn't know any spells.
Your spell library contained the following spells:

 Spells                   Type           Power        Failure   Level
 Magic Dart               Conj           0%           99%         1
 Blink                    Tloc           N/A          100%        2
 Call Imp                 Summ           0%           100%        2
 Slow                     Hex            0%           100%        2
 Conjure Flame            Conj/Fire      0%           100%        3
 Mephitic Cloud           Conj/Pois/Air  0%           100%        3


Dungeon Overview and Level Annotations

Branches:
Dungeon (4/15)
 Temple: D:4-7

Altars:
Okawaru
Sif Muna
Zin


Innate Abilities, Weirdness & Mutations

You have a beak for a mouth.
You have claws for feet.
You can fly continuously.


Message History

You hit the ogre. You claw the ogre.
You kill the ogre!
Okawaru accepts your kill.
You can now gain great but temporary skills.
You block the gnoll's attack.
Your Long Blades skill increases to level 6!
Unknown command.
You closely miss the gnoll. Your kick misses the gnoll.
You peck the gnoll, but do no damage. You block the gnoll's attack.
You hit the gnoll. You claw the gnoll. You peck the gnoll.
The gnoll is severely wounded.
The gnoll hits you with a +0 flail!
You take 11 damage, and have 29/44 hp.
MASSIVE DAMAGE!!
You hit the gnoll.
You kill the gnoll!
Okawaru accepts your kill.
No target in view!
No target in view!
No target in view!
No target in view!
No target in view!
No target in view!
No target in view!
No target in view!
No target in view!
No target in view!
No target in view!
No target in view!
No target in view!
No target in view!
No target in view!
No target in view!
No target in view!
No target in view!
No target in view!
No target in view!
Things that are here:
a +0 flail; a gnoll corpse; Health restored: 44
Found 13 sling bullets.
Things that are here:
a +0 giant spiked club; an ogre corpse
s - 110 sling bullets (gained 13)
Things that are here:
a +0 giant spiked club; an ogre corpse You see here a +0 flail.
There is an open door here.
You reach down and open the door.
There is an open door here.
An ogre comes into view. It is wielding a +0 giant spiked club.
The ogre shouts!
You hear a shout!
A worker ant comes into view.
You see here a scroll labelled DITAPU UDUALAINK.
There are monsters nearby!
There are monsters nearby!
You block the worker ant's attack.
You slash the worker ant!
You claw the worker ant, but do no damage.
You peck the worker ant, but do no damage.
The worker ant is heavily wounded.
You block the worker ant's attack.
You hit the worker ant but do no damage.
The worker ant is heavily wounded.
The worker ant bites you but does no damage.
You barely miss the worker ant. You claw the worker ant.
The worker ant is severely wounded.
You block the worker ant's attack.
An orc wizard comes into view. It is wielding a +0 dagger.
You block the worker ant's attack.
The orc wizard casts a spell at itself.
The orc wizard flickers and vanishes!
Deactivating autopickup; reactivate with Ctrl-A.
You barely miss the worker ant. You claw the worker ant.
You peck the worker ant.
You kill the worker ant!
Okawaru accepts your kill.
You hit the ogre.
The ogre is lightly wounded.
You block the ogre's attack.
Your shield and scale mail prevent you from hitting the ogre.
Your kick misses the ogre. You peck the ogre.
The ogre is moderately wounded.
The ogre hits you with a +0 giant spiked club!
You take 13 damage, and have 31/44 hp.
MASSIVE DAMAGE!!
You hit the ogre but do no damage. You claw the ogre.
The ogre is moderately wounded.
The ogre completely misses you.
An ogre comes into view. It is wielding a +0 giant spiked club.
You barely miss the ogre.
The ogre shouts!
You peck the ogre.
The ogre is heavily wounded.
You slash the ogre!
The ogre is almost dead.
The ogre closely misses you.
You hit the ogre. You peck the ogre.
The ogre is almost dead.
The ogre hits you with a +0 giant spiked club!
* * * LOW HITPOINT WARNING * * *
The ogre hits you with a +0 giant spiked club!!
You die...

█...█████.█.███..█..█.██...███..
█...█████...█..██[█..█.██..█..██
█.......██.███..██.█..█.█████..█
█.......█..█..█████.█..█.██..███
█.......█.███..█..██.█..█.██..█.
█.....███.█..███.. ██.█..█..███.
█.....█ ████..█{. ██.█.....█.†
█.....████†.███O█ ██.█..███..
█.......███..█O@█ ██.█..█..█
█.......█..███.██ ██..██...
█.......█...∆?.█ ██.∆.)█.
█.......██.█████


███████ █............█ █ █████∆██....██ █ █.....███████ █ █......█ █ █......█ █
You could see 2 ogres.

Vanquished Creatures
  2 ogres (D:4)
  3 orc wizards
  Jessica (D:3)
  Natasha (thrice) (D:2)
  7 worker ants
  4 gnolls
  7 adders
  4 worms
  2 dart slugs (D:1)
  3 leopard geckos
  13 orcs
  A ball python (D:3)
  2 giant cockroaches
  5 hobgoblins
  2 jackals (D:4)
  4 bats
  4 frilled lizards
  4 kobolds
  A quokka skeleton (D:4)
  6 rats
78 creatures vanquished.

Notes
Turn   | Place    | Note
-------+----------+-------------------------------------------
     0 | D:1      | Goblin1989 the Tengu Fighter began the quest for the Orb.
     0 | D:1      | Reached XP level 1. HP: 14/14 MP: 2/2
   444 | D:1      | Reached XP level 2. HP: 19/19 MP: 3/3
  1111 | D:2      | Reached skill level 3 in Long Blades
  1111 | D:2      | Reached XP level 3. HP: 23/23 MP: 4/4
  1139 | D:2      | Reached XP level 4. HP: 28/28 MP: 5/5
  1354 | D:2      | Noticed Natasha
  1361 | D:2      | Killed Natasha
  1362 | D:2      | Gained mutation: You can fly continuously. [Tengu growth]
  1362 | D:2      | Reached XP level 5. HP: 27/32 MP: 6/6
  1377 | D:2      | Noticed Natasha
  1386 | D:2      | Killed Natasha
  1387 | D:2      | Reached skill level 4 in Long Blades
  1441 | D:2      | Noticed Natasha
  1456 | D:2      | Killed Natasha
  1827 | D:3      | Reached XP level 6. HP: 37/38 MP: 7/7
  1936 | D:3      | Found an iron altar of Okawaru.
  1937 | D:3      | Found a shimmering blue altar of Sif Muna.
  1959 | D:3      | Became a worshipper of Warmaster Okawaru
  2122 | D:3      | Noticed Jessica
  2153 | D:3      | Killed Jessica
  2357 | D:4      | Found Zin's Purification Station.
  2357 | D:4      | Found a glowing silver altar of Zin.
  2360 | D:4      | Reached skill level 5 in Long Blades
  2403 | D:4      | Bought a potion of curing for 90 gold pieces
  2737 | D:4      | Reached XP level 7. HP: 43/43 MP: 8/8
  3067 | D:4      | Reached skill level 5 in Armour
  3120 | D:4      | Reached * piety under Okawaru
  3121 | D:4      | Reached skill level 6 in Long Blades
  3195 | D:4      | Slain by an ogre

Illustrated notes

Levels and vault maps discovered:
D:1:      lordsloth_arrival_two_stooges, layout_basic, st_stairs_9,
          lemuel_old_faithful
D:2:      layout_rooms, uniq_natasha
D:3:      layout_basic, gammafunk_temple_overflow_wave, uniq_jessica
D:4:      minmay_razor_zed, layout_gridville, zin_purify, st_stairs_8

Skill      XL: |  1  2  3  4  5  6  7 |
---------------+----------------------+-----
Long Blades    | 3 4 5 6 |  6.0
Armour         | 4 5 |  5.1
Fighting       | 4 |  4.6
Shields        | 4 |  4.6
Invocations    | |  0.1

Action                   |  1- 3 |  4- 6 |  7- 9 || total
-------------------------+-------+-------+-------++-------
Melee: Long sword        |    35 |   132 |    51 ||   218
       Kick              |    11 |    44 |    20 ||    75
       Peck              |     5 |    21 |    20 ||    46
 Abil: Fly               |       |     1 |       ||     1
Armor: Scale mail        |     9 |    46 |    10 ||    65
Dodge: Dodged            |     7 |    47 |    12 ||    66
Block: Kite shield       |    17 |    73 |    22 ||   112
       Rpst.: Long sword |     1 |     8 |     4 ||    13
